 Dungeon Crawl Stone Soup version 0.28-a0-863-g8cecda6153 (webtiles) character file.

Game seed: 6386193098516653590

278 Peloso the Covered (level 6, -6/55 HPs)
             Began as a Minotaur Fighter on Nov 17, 2021.
             Mangled by a yak (11 damage)
             ... on level 7 of the Dungeon.
             The game lasted 00:04:30 (1541 turns).

Peloso the Covered (Minotaur Fighter)               Turns: 1541, Time: 00:04:31

Health: -6/55      AC:  9    Str: 21 (22) XL:     6   Next: 5%
Magic:  5/5        EV: 10    Int:  2 (5)  God:
Gold:   175        SH:  4    Dex:  8 (10) Spells: 5/5 levels left

rFire   . . .      SeeInvis .   a - +0 long sword
rCold   . . .      Faith    .   c - +0 buckler
rNeg    . . .      Spirit   .   b - +1 scale mail
rPois   .          Reflect  .   (helmet restricted)
rElec   .          Harm     .   h - +0 cloak
rCorr   .          Rampage  .   (no gloves)
Will    .....                   (no boots)
Stlth   ..........              e - amulet of regeneration
HPRegen 1.18/turn               (no ring)
MPRegen 0.09/turn               (no ring)

@: no status effects
A: horns 2, retaliatory headbutt
a: no special abilities


You were on level 7 of the Dungeon.
You visited 1 branch of the dungeon, and saw 5 of its levels.

You collected 175 gold pieces.

Inventory:

Hand Weapons
 a - a +0 long sword (weapon)
Armour
 b - a +1 scale mail (worn)
 c - a +0 buckler (worn)
 h - a +0 cloak (worn)
Jewellery
 e - an amulet of regeneration (around neck)
 f - an amulet of the acrobat
Wands
 k - a wand of flame (17)
 m - a wand of paralysis (7)
Scrolls
 g - a scroll of immolation
 i - a scroll of brand weapon
 l - a scroll of identify
Potions
 d - a potion of might


   Skills:
 + Level 4.8 Fighting
 + Level 4.9 Long Blades
 + Level 5.0 Armour
 + Level 1.1 Dodging
 + Level 0.2 Stealth
 + Level 4.6 Shields


You had 5 spell levels left.
You didn't know any spells.
Your spell library contained the following spells:

 Spells                   Type           Power      Damage    Failure   Level
 Freeze                   Ice            0%         1d3       86%         1
 Frozen Ramparts          Ice            0%         1d2       99%         3
 Hailstorm                Conj/Ice       0%         3d3       100%        4


Dungeon Overview and Level Annotations

Branches:
Dungeon (4/15)
 Temple: D:4-7

Altars:
Dithmenos
Fedhas
Makhleb
Okawaru


Innate Abilities, Weirdness & Mutations

You have a pair of horns on your head.
You reflexively headbutt those who attack you in melee.


Message History

The yak is moderately wounded.
The yak gores you but does no damage. You block the kobold brigand's attack.
The yak closely misses you.
A water moccasin skeleton comes into view.
A kobold comes into view.
It is quivering boomerangs of dispersal.
Unknown command.
The kobold shouts!
You slash the yak!
The yak is moderately wounded.
You hear a shout!
The kobold brigand hits you but does no damage.
The yak gores you!
A kobold comes into view.
It is quivering boomerangs of dispersal.
A kobold brigand comes into view.
It is quivering boomerangs of dispersal.
You block the kobold brigand's attack. The yak gores you!
* * * LOW HITPOINT WARNING * * *
It was a potion of degeneration.
There was something very wrong with that liquid.
You feel weakened.
You feel dopey.
You feel clumsy.
The kobold shouts!
The yak gores you.
* * * LOW HITPOINT WARNING * * *
An orc comes into view. It is wielding a +0 short sword.
The kobold brigand hits you but does no damage.
An orc comes into view. It is wielding a +0 club.
The yak gores you but does no damage.
The orc shouts!
You hit the yak. You headbutt the yak!
The yak is severely wounded.
You hear a shout! x2
A water moccasin comes into view.
An orc comes into view. It is wielding a +0 whip.
The kobold brigand hits you but does no damage.
The orc priest looks encouraged for a moment.
You hit the yak but do no damage.
The yak is lightly wounded.
The kobold brigand closely misses you. The yak gores you!
* * * LOW HITPOINT WARNING * * *
The yak gores you!
You die...

..=#...##..... F.
........... .#....
#........##.#....
#.............#
##.............##
#...............# .
###..K<.YKZ>.....##..
.oKKYK##YK...........
S.oKoKK@Yo........?..
.o###K###............
# #.........##..
#......#..#
.......###..(#
#..#....# .$#+
...##..## ## .. ....
.....


You could see 4 yaks, an orc warrior, a water moccasin, 2 kobold brigands, an
orc priest, 3 orcs, 7 kobolds and a water moccasin skeleton.

Vanquished Creatures
  2 ogres
  2 orc wizards (D:7)
  A howler monkey skeleton (D:4)
  An adder (D:2)
  A worm (D:2)
  2 dart slugs
  An orc (D:7)
  4 ball pythons
  2 bats
  3 endoplasms
  A giant cockroach (D:3)
  2 goblins
  3 hobgoblins
  2 jackals (D:1)
  3 quokkas
  3 frilled lizards
  2 kobolds (D:2)
  7 rats
42 creatures vanquished.

Notes
Turn   | Place    | Note
-------+----------+-------------------------------------------
     0 | D:1      | Peloso the Minotaur Fighter began the quest for the Orb.
     0 | D:1      | Reached XP level 1. HP: 19/19 MP: 0/0
   191 | D:1      | Reached XP level 2. HP: 27/27 MP: 1/1
   547 | D:2      | Reached skill level 4 in Armour
   599 | D:2      | Reached XP level 3. HP: 32/33 MP: 2/2
   691 | D:2      | Noticed an ogre
   700 | D:2      | Killed an ogre
   701 | D:2      | Reached XP level 4. HP: 33/41 MP: 3/3
   780 | D:2      | Found a faded altar of an unknown god.
   787 | D:2      | Got Plato's Disquisition on Ice
  1068 | D:3      | Found a shadowy altar of Dithmenos.
  1068 | D:3      | Found a blossoming altar of Fedhas.
  1070 | D:3      | Found an iron altar of Okawaru.
  1249 | D:3      | You fall into a shaft and drop 1 floor!
  1297 | D:4      | Reached XP level 5. HP: 47/47 MP: 4/4
  1305 | D:4      | Noticed an ogre
  1317 | D:4      | Killed an ogre
  1318 | D:4      | Reached skill level 1 in Dodging
  1437 | D:4      | Found a burning altar of Makhleb.
  1521 | D:4      | You fall into a shaft and drop 3 floors!
  1521 | D:7      | Noticed a yak
  1522 | D:7      | Noticed a yak
  1522 | D:7      | Noticed a yak
  1523 | D:7      | Noticed a yak
  1523 | D:7      | Noticed a yak
  1532 | D:7      | Noticed an orc warrior
  1534 | D:7      | Reached skill level 5 in Armour
  1535 | D:7      | Reached XP level 6. HP: 32/55 MP: 5/5
  1540 | D:7      | Noticed a water moccasin
  1541 | D:7      | Mangled by a yak

Illustrated notes

Levels and vault maps discovered:
D:1:      matt_arrival_diagonals, layout_rooms
D:2:      layout_rooms, shapermc_ecumenical_altar_rom_forum, eino_tiny_chamber,
          chequers_serial_rivers_micro_e, roderic_roman_lattice, st_stairs_13
D:3:      layout_loops_ring, nicolae_overflow_hidden_temple
D:4:      layout_loops_ring, lightli_temple_of_fire
D:7:      layout_cave_pools, tso_metal_star, nemelex_diamond_rough_becter,
          minmay_temple_entry_butterflies, minmay_unpleasant_kobolds

Skill      XL: |  1  2  3  4  5 |
---------------+----------------+-----
Shields        | 4 |  4.6
Fighting       | 4 |  4.8
Armour         | 4 5 |  5.0
Long Blades    | 3 4 |  4.9
Dodging        | 1 |  1.1
Stealth        | |  0.2

Action                   |  1- 3 |  4- 6 || total
-------------------------+-------+-------++-------
Melee: Long sword        |    53 |    37 ||    90
       Headbutt          |    12 |    14 ||    26
  Use: Scroll            |     3 |       ||     3
       Potion            |       |     2 ||     2
Armor: Scale mail        |    19 |    21 ||    40
Dodge: Dodged            |    23 |    17 ||    40
Block: Buckler           |    11 |    13 ||    24

Table legend: (Time is in decaauts)
 A = Elapsed time spent in this place.
 B = Non-inter-level travel time spent in this place.
 C = Inter-level travel time spent in this place.
 D = Time resting spent in this place.
 E = Time spent auto-exploring this place.
 F = Levels seen in this place.
 G = Mean time per level.
                   A        B        C        D        E       F      G
               +--------+--------+--------+--------+--------+-----+--------+
         Total |   1562 |   1534 |     28 |      0 |   1118 |   5 |  312.4 |
       Dungeon |   1562 |   1534 |     28 |      0 |   1118 |   5 |  312.4 |
               +--------+--------+--------+--------+--------+-----+--------+

Top non-repeatable levels by time:
     D:2: 599 daAuts
     D:1: 479 daAuts
     D:4: 272 daAuts
     D:3: 189 daAuts
     D:7: 21 daAuts
